Map: Magannatha LE

Players

FalconsSolar (Solar) - Winner!

  • Race: Zerg Zerg
  • Spawn Location: 11:00

Reynor

  • Race: Zerg Zerg
  • Spawn Location: 5:00

Event: DreamHack Dallas 2025

VOD

Have the link to the VOD?

Description

Time

  • Played on: May 24, 2025, 8:04 p.m.
  • Length: 12:23

All games in this series

Show
View Real Time Build Order
Export as new Build Order

FalconsSolar Zerg - Winner!

Build Orders: Hatch First 

Get SALT Encoding   

  12  0:00  Drone  
  13  0:07  Drone  
  13  0:14  Extractor, Drone  
  15  0:22  Overlord  
  15  0:40  Drone  
  16  0:45  Hatchery  
  16  0:48  Drone  
  16  0:51  Drone  
  16  0:55  Drone  
  18  1:06  Extractor  
  18  1:10  Spawning Pool  
  16  1:13  Drone  
  16  1:17  Drone  
  18  1:26  Drone  
  19  1:37  Drone  
  20  1:48  Drone  
  21  1:57  Queen x2  
  21  1:58  Zergling x2  
  21  1:59  Overlord  
  26  2:06  Metabolic Boost  
  26  2:09  Drone  
  26  2:11  Drone  
  28  2:19  Zergling x2  
  28  2:20  Drone  
  30  2:31  Hatchery  
  30  2:33  Drone  
  30  2:40  Overlord  
  30  2:41  Drone  
  30  2:43  Zergling x2  
  32  2:53  Drone x2  
  35  3:05  Zergling x16  
  42  3:17  Drone, Roach Warren  
  42  3:19  Overlord  
  42  3:25  Drone  
  43  3:28  Overlord  
  43  3:40  Overlord  
  40  3:56  Roach x8  
  40  4:02  Roach  
  58  4:11  Roach  
  58  4:12  Zergling x10  
  58  4:16  Overlord  
  65  4:18  Zergling x2  
  65  4:21  Zergling x4  
  65  4:23  Zergling x2  
  68  4:30  Zergling x4  
  70  4:34  Zergling x4  
  70  4:37  Overlord  
  72  4:44  Zergling x4  
  73  4:47  Zergling x6  
  68  4:53  Zergling x6  
  68  4:58  Ravager  
  68  4:59  Zergling x6  
  70  5:02  Roach  
  67  5:08  Roach  
  67  5:11  Roach x2  
  67  5:13  Extractor  
  67  5:18  Drone  
  67  5:19  Drone  
  68  5:21  Drone  
  68  5:26  Drone x4  
  70  5:30  Drone x2  
  70  5:32  Drone  
  73  5:36  Roach  
  73  5:40  Roach  
  77  5:43  Ravager  
  77  5:46  Queen  
  77  5:48  Drone  
  81  5:50  Drone  
  81  5:52  Drone  
  81  5:56  Drone, Evolution Chamber  
  83  6:00  Drone x2  
  83  6:01  Drone  
  85  6:04  Drone  
  85  6:07  Roach  
  85  6:10  Overlord  
  88  6:13  Drone  
  88  6:17  Overlord  
  89  6:21  Zerg Missile Weapons Level 1  
  89  6:22  Overlord  
  89  6:24  Extractor  
  89  6:25  Overlord  
  88  6:27  Roach  
  88  6:30  Roach x2  
  88  6:32  Roach  
  95  6:33  Roach  
  95  6:36  Overlord  
  95  6:39  Roach  
  99  6:43  Roach x2  
  99  6:45  Roach  
  105  6:50  Roach  
  105  6:53  Roach  
  109  6:58  Roach  
  109  7:00  Roach  
  113  7:02  Roach  
  113  7:06  Roach  
  113  7:08  Overlord x2  
  117  7:10  Spine Crawler  
  117  7:11  Roach  
  117  7:14  Roach  
  117  7:15  Roach  
  121  7:18  Roach  
  121  7:21  Roach  
  125  7:24  Roach  
  125  7:27  Zergling x8  
  131  7:30  Roach  
  131  7:34  Roach x2  
  136  7:37  Roach  
  136  7:40  Roach  
  121  7:44  Roach  
  121  7:48  Roach  
  121  7:49  Roach  
  112  7:53  Roach, Zergling x4  
  112  7:54  Zergling x6  
  112  7:57  Roach  
  105  7:58  Roach  
  105  8:01  Roach  
  105  8:04  Roach  
  89  8:08  Roach  
  89  8:10  Zergling x2  
  89  8:11  Zergling x6  
  81  8:13  Roach  
  79  8:20  Roach  
  79  8:21  Roach  
  83  8:28  Roach  
  83  8:31  Roach x2  
  89  8:34  Roach  
  89  8:41  Roach  
  93  8:42  Roach  
  93  8:43  Roach  
  97  8:50  Roach x2  
  97  8:51  Zergling x2  
  102  8:56  Roach x2  
  102  8:57  Zergling x2  
  102  9:02  Zergling x2  
  108  9:05  Roach  
  108  9:07  Roach x2  
  108  9:08  Roach, Zergling x4  
  118  9:12  Zergling x4  
  120  9:17  Ravager  
  120  9:18  Zergling x6  
  120  9:23  Zergling x6  
  127  9:25  Overlord  
  127  9:28  Ravager  
  127  9:30  Zergling x2  
  128  9:37  Roach x2  
  130  9:40  Roach  
  130  9:45  Roach x2  
  121  9:50  Roach x2  
  121  9:51  Zergling x8  
  117  9:53  Zergling x2  
  117  9:56  Zergling x4  
  120  10:02  Ravager  
  120  10:04  Zergling x8  
  125  10:09  Zergling x6  
  125  10:11  Zergling x2  
  125  10:12  Ravager  
  130  10:14  Overlord  
  130  10:19  Overlord  
  130  10:20  Overlord  
  130  10:24  Overlord  
  130  10:27  Overlord  
  130  10:33  Overlord  
  130  10:38  Ravager x2  
  130  10:39  Zergling x8  
  130  10:41  Zergling x2  
  130  10:42  Zergling x2  
  138  10:43  Ravager  
  138  10:44  Zergling x2  
  142  10:50  Zergling x6  
  142  10:54  Zergling x6  
  146  10:57  Zergling x2  
  146  10:59  Ravager  
  146  11:01  Zergling x6  
  146  11:03  Zergling x2  
  152  11:11  Roach x3  
  157  11:15  Roach  
  150  11:19  Roach x2  
  150  11:20  Ravager  
  150  11:23  Zergling x4  
  155  11:26  Zergling x4  
  155  11:28  Roach  
  159  11:35  Zergling x8  
  146  11:42  Zergling x2  
  146  11:43  Zergling x2  
  138  11:52  Roach x2  
  138  11:53  Zergling x2  
  124  11:54  Zergling x4  
  124  11:56  Roach  
  124  12:01  Roach  
Show
View Real Time Build Order
Export as new Build Order

Reynor Zerg 

Build Orders: Hatch First, Zergling Baneling 

Get SALT Encoding   

  12  0:00  Drone  
  13  0:07  Drone  
  13  0:13  Extractor  
  13  0:14  Drone  
  15  0:22  Overlord  
  15  0:40  Drone  
  16  0:45  Hatchery  
  16  0:49  Drone  
  16  0:52  Drone  
  17  0:57  Drone  
  18  1:07  Extractor  
  17  1:11  Spawning Pool  
  17  1:14  Drone  
  17  1:17  Drone  
  18  1:26  Drone  
  19  1:37  Drone  
  20  1:48  Drone  
  21  1:58  Queen x2  
  21  1:59  Zergling x2  
  21  2:00  Overlord  
  26  2:08  Drone  
  27  2:11  Metabolic Boost  
  27  2:12  Drone  
  28  2:20  Drone x2  
  30  2:30  Zergling x2  
  30  2:31  Drone  
  32  2:37  Hatchery  
  32  2:40  Drone  
  32  2:42  Drone  
  33  2:48  Baneling Nest  
  32  2:52  Overlord  
  32  2:54  Drone  
  33  3:03  Drone x2  
  35  3:06  Zergling x2  
  35  3:10  Overlord  
  35  3:12  Zergling x6  
  38  3:13  Zergling x2  
  38  3:16  Zergling x2  
  40  3:20  Zergling x2  
  42  3:27  Zergling x2, Queen  
  42  3:31  Baneling x2  
  42  3:32  Zergling x2  
  45  3:37  Zergling x2  
  45  3:41  Zergling x2  
  45  3:45  Queen  
  46  3:50  Drone x4  
  46  3:51  Drone  
  51  3:59  Roach Warren  
  51  4:02  Zergling x6  
  52  4:04  Zergling x2  
  53  4:11  Zergling x2  
  53  4:12  Zergling x2  
  53  4:14  Overlord  
  55  4:21  Zergling x2  
  55  4:22  Baneling  
  56  4:24  Zergling x4  
  56  4:26  Overlord  
  56  4:29  Overlord  
  58  4:33  Zergling x2  
  58  4:34  Zergling x2  
  61  4:38  Zergling x10  
  61  4:40  Baneling x2  
  61  4:41  Baneling x3  
  65  4:46  Zergling x4  
  65  4:52  Zergling x8  
  68  4:56  Zergling x2  
  68  4:58  Zergling x6  
  66  5:00  Zergling x2  
  66  5:04  Zergling x2  
  63  5:12  Drone x3  
  63  5:13  Roach x2  
  70  5:15  Roach  
  71  5:26  Drone x3  
  71  5:28  Drone x2  
  76  5:30  Roach, Extractor  
  77  5:37  Overlord  
  77  5:39  Roach  
  77  5:40  Extractor  
  78  5:43  Roach  
  78  5:48  Overlord  
  80  5:50  Overlord  
  80  5:56  Roach x4  
  88  6:00  Overlord  
  88  6:07  Roach x2  
  92  6:15  Roach x2  
  92  6:18  Zergling x12  
  97  6:19  Zergling x2  
  102  6:25  Zergling x2  
  102  6:26  Zergling x2  
  102  6:28  Zergling x2  
  102  6:30  Roach x3  
  111  6:36  Overlord  
  111  6:37  Roach  
  113  6:43  Overlord  
  113  6:47  Overlord  
  113  6:53  Overlord  
  115  6:54  Roach x3  
  115  6:58  Roach  
  115  6:59  Zergling x2  
  121  7:05  Zergling x8  
  121  7:06  Zergling x2  
  125  7:09  Ravager x3  
  125  7:12  Zergling x4  
  130  7:16  Zergling x4  
  130  7:17  Zergling x2  
  130  7:18  Ravager  
  130  7:22  Zergling x4  
  136  7:24  Zergling x2  
  136  7:27  Ravager  
  136  7:29  Zergling x6  
  140  7:40  Zergling x10  
  140  7:43  Roach x2  
  125  7:48  Zergling x6  
  108  7:52  Roach  
  108  7:55  Drone  
  108  7:57  Zergling x4  
  94  8:02  Zergling x2  
  94  8:03  Zergling x4  
  85  8:07  Zergling x4  
  85  8:11  Zergling x2  
  75  8:18  Roach x3  
  77  8:23  Roach  
  77  8:24  Roach  
  79  8:29  Zergling x8  
  79  8:33  Zergling x4  
  85  8:36  Zergling x2  
  85  8:37  Zergling x2  
  85  8:40  Zergling x2  
  88  8:47  Zergling x8  
  92  8:50  Ravager x3  
  92  8:54  Zergling x4  
  97  9:00  Ravager  
  97  9:01  Zergling x4  
  97  9:02  Zergling x2  
  101  9:05  Zergling x4  
  101  9:08  Zergling x4  
  105  9:12  Ravager  
  105  9:13  Zergling x4  
  108  9:20  Zergling x6  
  108  9:22  Ravager  
  112  9:27  Zergling x6  
  115  9:32  Ravager  
  110  9:39  Zergling x10  
  110  9:42  Zergling x4  
  110  9:43  Zergling x2  
  101  9:47  Roach, Zergling x2  
  101  9:51  Drone x2  
  94  9:55  Drone x2  
  96  10:01  Evolution Chamber  
  96  10:04  Drone x3  
  96  10:05  Drone  
  99  10:15  Drone x4  
  99  10:17  Roach x2  
  107  10:23  Roach x2  
  107  10:27  Roach x2  
  115  10:30  Ravager x3  
  115  10:32  Spine Crawler  
  117  10:36  Roach x2  
  117  10:41  Roach x2  
  117  10:42  Zergling x2  
  126  10:45  Roach  
  126  10:46  Zergling x2  
  126  10:49  Spine Crawler  
  128  10:53  Roach x2  
  132  10:58  Overlord  
  132  11:08  Drone x2  
  132  11:11  Drone x4  
  136  11:15  Zergling x8  
  124  11:20  Baneling x2  
  124  11:21  Drone  
  124  11:23  Zergling x8  
  123  11:26  Ravager  
  123  11:27  Roach  
  123  11:28  Zergling x2  
  123  11:31  Roach, Zergling x2  
  122  11:40  Roach x4  
  109  11:47  Roach x2  
  109  11:52  Zergling x12  
  105  11:55  Zergling x2  
  86  12:03  Zergling x6  
  86  12:04  Zergling x4  
  86  12:05  Zergling x2  
  86  12:06  Zergling x2  
Tags
 
Add a new tag
Caveats
  • Supply blocks, unpowered buildings, or Contaminate may cause inaccurate times.
  • Supply counts are checked every 10 seconds.